 Dungeon Crawl Stone Soup version 0.29.0-11-gd7f09526c8 (webtiles) character file.

Game seed: 12747211802078650925

111 wakxed the Digger (level 5, -1/52 HPs)
             Began as a Human Wanderer on Sept 3, 2022.
             Slain by a gnoll
             ... wielding a +2 halberd of flaming
              (3 damage)
             ... on level 2 of the Dungeon.
             The game lasted 00:11:04 (2061 turns).

wakxed the Digger (Human Wanderer)                  Turns: 2061, Time: 00:11:04

Health: -1/52      AC: 22    Str: 12    XL:     5   Next: 15%
Magic:  8/8        EV:  2    Int: 12    God:
Gold:   82         SH:  0    Dex: 15    Spells: 7/9 levels left

rFire   . . .      SeeInvis .   c - +4 quarterstaff (chaos)
rCold   . . .      Faith    .   (shield currently unavailable)
rNeg    . . .      Spirit   .   (body armour currently unavailable)
rPois   +          Reflect  .   (helmet currently unavailable)
rElec   .          Harm     .   (cloak currently unavailable)
rCorr   .          Rampage  .   (gloves currently unavailable)
Will    .....      NoTele   +   (boots currently unavailable)
Stlth   +.........              q - amulet of regeneration
HPRegen 0.97/turn               (no ring)
MPRegen 0.11/turn               (no ring)

@: tree-form
A: stationary, stasis, torment immunity, boosted hp
a: no special abilities


You were on level 2 of the Dungeon.
You were a tree.
You visited 1 branch of the dungeon, and saw 4 of its levels.

You collected 82 gold pieces.

Inventory:

Hand Weapons
 c - a +4 quarterstaff of chaos (weapon)
 g - a +1 dagger of draining
Missiles
 a - 6 boomerangs of dispersal
 b - 5 boomerangs (quivered)
 f - 5 atropa-tipped darts
Armour
 e - a +1 leather armour of fire resistance (melded)
 h - a +0 helmet (melded)
 j - a +2 cloak of poison resistance (melded)
Magical Staves
 m - a staff of air
Jewellery
 q - an amulet of regeneration (around neck)
Wands
 p - a wand of polymorph (8)
Scrolls
 k - 2 scrolls of enchant weapon
 n - 2 scrolls of amnesia
 o - a scroll of enchant armour
 r - a scroll of torment
Potions
 i - 3 potions of lignification
 l - a potion of curing
 t - a potion of might {unknown}


   Skills:
 + Level 3.1 Throwing
 + Level 0.7 Armour
 + Level 0.1 Stealth
 + Level 2.5 Spellcasting
 + Level 0.3 Conjurations
 + Level 1.2 Air Magic
 + Level 4.9 Earth Magic
 + Level 1.0 Invocations


You had 7 spell levels left.
You knew the following spells:

 Your Spells              Type           Power      Damage    Failure   Level
a - Sandblast             Erth           26%        2d8       3%          1
b - Shock                 Conj/Air       12%        1d3       19%         1

Your spell library contained the following spells:

 Spells                   Type           Power      Damage    Failure   Level
 Passwall                 Tmut/Erth      5%         N/A       14%         2
 Mephitic Cloud           Conj/Pois/Air  2%         N/A       54%         3
 Conjure Flame            Conj/Fire      1%         6-21      58%         3
 Confusing Touch          Hex            1%         N/A       61%         3
 Ignite Poison            Fire/Tmut/Pois 1%         N/A       61%         3
 Animate Armour           Summ/Erth      14%        N/A       67%         4
 Leda's Liquefaction      Hex/Erth       3%         N/A       67%         4
 Lee's Rapid Deconstruct  Erth           6%         3d7*      67%         5
 Sticky Flame             Conj/Fire      1%         2d3       94%         4
 Yara's Violent Unravell  Hex/Tmut       0%         3d3       100%        5
 Statue Form              Tmut/Erth      4%         N/A       100%        6
 Enfeeble                 Hex            0%         N/A       100%        7


Dungeon Overview and Level Annotations

Branches:
Dungeon (4/15)
 Temple: D:4-7

Altars:
Gozag

Annotations:
D:4 Dowan


Message History

Your +1 leather armour of fire resistance melds into your body.
You no longer feel resistant to poison.
You feel less resistant to fire.
Your roots penetrate the ground.
The gnoll hits you but does no damage.
The gnoll hits you with a +2 halberd of flaming.
The gnoll burns you.
You closely miss the gnoll.
The gnoll hits you but does no damage. x2
You closely miss the gnoll. The gnoll barely misses you.
The gnoll hits you with a +2 halberd of flaming!
The gnoll burns you.
You hit the gnoll.
The gnoll is poisoned.
The gnoll is heavily wounded.
The gnoll hits you but does no damage.
The gnoll hits you with a +2 halberd of flaming.
The gnoll burns you.
You thump the gnoll! You freeze the gnoll.
You kill the gnoll!
The gnoll hits you with a +2 halberd of flaming!
The gnoll burns you.
The gnoll hits you with a +2 halberd of flaming!
The gnoll burns you.
* * * LOW HITPOINT WARNING * * *
Your Throwing skill increases to level 3!
It was a potion of curing.
You feel better. The gnoll hits you but does no damage.
You barely miss the gnoll.
The gnoll hits you with a +2 halberd of flaming.
The gnoll burns you.
You hit the gnoll.
The gnoll is moderately wounded.
The gnoll hits you but does no damage.
You barely miss the gnoll.
The gnoll is moderately wounded.
The gnoll hits you with a +2 halberd of flaming!
* * * LOW HITPOINT WARNING * * *
The gnoll burns you.
* * * LOW HITPOINT WARNING * * *
The gnoll hits you with a +2 halberd of flaming!
* * * LOW HITPOINT WARNING * * *
The gnoll burns you.
You die...

#.# #.......# #.###
#.##.#### #...#
#.##.######### ###.#
#.##.........#
#.########.##########.#
#.##.......# #.#
#.##.####### #.#
#.##.############## #.#
##.##.....gg♣).....#
#.#
#........#########.#
#.#
#..#####.#########.#
#.# #..# #...........#
#.# #..# #########...#
#.# #..# #.#.# #.# #..#
#.#.# #.# #####..#
#.#.###.# .......###
#.#...#.#


You could see 2 gnolls.

Vanquished Creatures
  Crazy Yiuf (D:2)
  A gnoll (D:2)
  3 adders
  A worm (D:2)
  3 dart slugs
  An orc (D:2)
  4 ball pythons
  4 endoplasms
  A giant cockroach (D:1)
  3 goblins
  2 hobgoblins (D:3)
  A quokka (D:1)
  6 bats
  3 frilled lizards
  3 kobolds
  A rat (D:2)
38 creatures vanquished.

Notes
Turn   | Place    | Note
-------+----------+-------------------------------------------
     0 | D:1      | wakxed the Human Wanderer began the quest for the Orb.
     0 | D:1      | wakxed set off with the following items: a +0 dagger, 8
                  | boomerangs, a potion of berserk rage, a +0 robe; and the
                  | following spells available to memorise: Sandblast,
                  | Passwall, Shock, Mephitic Cloud, Animate Armour.
     0 | D:1      | Reached XP level 1. HP: 13/13 MP: 3/3
     2 | D:1      | Learned a level 1 spell: Sandblast
     4 | D:1      | Learned a level 1 spell: Shock
   143 | D:1      | Reached XP level 2. HP: 19/19 MP: 5/5
   289 | D:1      | Found a faded altar of an unknown god.
   637 | D:2      | Found a runed translucent door.
   638 | D:2      | Noticed Crazy Yiuf
   676 | D:2      | Reached XP level 3. HP: 24/24 MP: 6/6
   785 | D:2      | You fall into a shaft and drop 2 floors!
   830 | D:4      | Noticed Dowan
  1257 | D:2      | Found an opulent altar of Gozag.
  1518 | D:2      | Reached XP level 4. HP: 30/30 MP: 3/7
  1915 | D:2      | Killed Crazy Yiuf
  1916 | D:2      | Reached XP level 5. HP: 8/35 MP: 3/8
  2061 | D:2      | HP: 2/52 [gnoll/+2 halberd of flaming (8)]
  2061 | D:2      | Slain by a gnoll

Illustrated notes

Levels and vault maps discovered:
D:1:      scummos_arrival_checkerplants, layout_rooms,
          ebering_ecumenical_altar_rust
D:2:      layout_loops_ring, basic_altar, uniq_crazy_yiuf_cottage
D:3:      layout_basic, ebering_ghost_disaster_area, skrybe_limestone_x
D:4:      layout_basic, minmay_temple_entry_statues_fountains, uniq_duvessa

Skill      XL: |  1  2  3  4  5 |
---------------+----------------+-----
Throwing       | 3 |  3.1
Armour         | |  0.7
Stealth        | |  0.1
Spellcasting   | |  2.5
Conjurations   | |  0.3
Air Magic      | |  1.2
Earth Magic    | |  4.9
Invocations    | |  1.0

Action                   |  1- 3 |  4- 6 || total
-------------------------+-------+-------++-------
Melee: Dagger            |       |     1 ||     1
       Quarterstaff      |       |     7 ||     7
Throw: Boomerang         |    50 |     8 ||    58
 Cast: Sandblast         |    22 |     7 ||    29
       Shock             |       |     4 ||     4
  Use: Scroll            |     3 |     3 ||     6
       Potion            |       |     4 ||     4
Armor: Leather armour    |     6 |     2 ||     8
       Skin              |       |     6 ||     6
Dodge: Dodged            |     6 |     6 ||    12
